 Dungeon Crawl Stone Soup version 0.23.2-1-ga50397a6bc (webtiles) character file.

Game seed: 18300860798357694987

24 Descartes the Shield-Bearer (level 3, -6/29 HPs)
             Began as a Formicid Fighter on May 30, 2019.
             Mangled by an ogre
             ... wielding a +0 giant spiked club
              (19 damage)
             ... on level 2 of the Dungeon.
             The game lasted 00:04:06 (929 turns).

Descartes the Shield-Bearer (Formicid Fighter)       Turns: 929, Time: 00:04:06

Health: -6/29      AC: 10    Str: 20    XL:     3   Next: 15%
Magic:  3/3        EV:  6    Int:  7    God:
Gold:   46         SH:  9    Dex: 11    Spells: 2/2 levels left

rFire    . . .     SeeInvis +   a - +0 war axe
rCold    . . .     Gourm    .   c - +0 shield
rNeg     . . .     Faith    .   e - +0 chain mail
rPois    .         Spirit   .   (helmet unavailable)
rElec    .         Reflect  .   (no cloak)
rCorr    .         Harm     .   (no gloves)
MR       .....                  (no boots)
Stlth    ..........             (no amulet)
HPRegen  0.09/turn              j - +1 ring of protection
MPRegen  0.08/turn              (no ring)

@: no status effects
A: permanent stasis, dig shafts and tunnels, four strong arms, antennae 3
a: Dig, Shaft Self


You were on level 2 of the Dungeon.
You were not hungry.

You visited 1 branch of the dungeon, and saw 2 of its levels.

You collected 46 gold pieces.

Inventory:

Hand Weapons
 a - a +0 war axe (weapon)
 b - a cursed -3 hunting sling
 m - a +0 flail
Missiles
 k - 22 stones (quivered)
Armour
 c - a +0 shield (worn)
 e - a +0 chain mail (worn)
Jewellery
 j - a +1 ring of protection (left hand)
Scrolls
 i - a scroll of fear {unknown}
Potions
 d - a potion of might
 h - a potion of agility {unknown}
Comestibles
 f - 3 rations
 g - 7 chunks of flesh


   Skills:
 + Level 3.5 Fighting
 + Level 2.2 Axes
 + Level 0.0(1.2) Maces & Flails
 + Level 3.4 Armour
 + Level 0.6 Dodging
 * Level 4.1 Shields


You had 2 spell levels left.
You didn't know any spells.
Your spell library was empty.

Dungeon Overview and Level Annotations

Branches:
Dungeon (2/15)

Altars:


Innate Abilities, Weirdness & Mutations

You cannot be hasted, slowed, berserked, paralysed or teleported.
You can dig through walls and to a lower floor.
Your four strong arms can wield two-handed weapons with a shield.
You have a pair of large antennae on your head. (SInv)


Message History

You see here a hobgoblin skeleton.
Setting a skill training target for Maces & Flails at 14.0.
Setting a skill training target for Axes at 16.0.
Setting a skill training target for Shields at 9.0.
You drop a +0 club.
An ogre comes into view. It is wielding a +0 giant spiked club.
You see here a +0 club.
The ogre shouts!
You slash the ogre!
The ogre is moderately wounded.
The ogre barely misses you.
Your chain mail prevents you from hitting the ogre.
The ogre is moderately wounded.
The ogre hits you with a +0 giant spiked club!
You are too injured to fight recklessly!
Your shield and chain mail prevent you from hitting the ogre.
The ogre is moderately wounded.
The ogre hits you with a +0 giant spiked club!!
Ouch! That really hurt!
You die...

###.###......#
##.....#......#
##.............##
#..?.............
#......รท..##.###.
.
#.......).##.####..
#.......%..........
#..........#.......
##.....?...@.......
#.........##O......
#<.................
#.........###....##
..........# ......
........[..# .....#
....... ....# .....


You could see an ogre.

Vanquished Creatures
  2 leopard geckos (D:1)
  3 goblins (D:1)
  6 hobgoblins
  A kobold (D:1)
  4 bats
  A frilled lizard (D:1)
  3 rats
20 creatures vanquished.

Notes
Turn   | Place    | Note
-------+----------+-------------------------------------------
     0 | D:1      | Descartes the Formicid Fighter began the quest for the Orb.
     0 | D:1      | Reached XP level 1. HP: 18/18 MP: 1/1
    94 | D:1      | Reached XP level 2. HP: 22/24 MP: 2/2
   251 | D:1      | Reached skill level 4 in Shields
   901 | D:2      | Reached XP level 3. HP: 29/29 MP: 3/3
   923 | D:2      | Noticed an ogre
   929 | D:2      | Mangled by an ogre

Skill      XL: |  1  2 |
---------------+-------+-----
Shields        | 4 |  4.1
Fighting       | |  3.5
Axes           | |  2.2
Armour         | |  3.4
Dodging        | |  0.6

Action                   || total
-------------------------++-------
Melee: War axe           ||    59
 Abil: Dig               ||     4
  Eat: Chunk             ||     1
Armor: Scale mail        ||    20
       Chain mail        ||    17
Dodge: Dodged            ||    21
Block: Shield            ||    26
